woodfighter, chaotic female orcish Cavewoman -- |}}}| -.----- ----}}} ---- --- ---- ------------......-- |..}}} --..| |.. |..|-----|..................---.}}}- ----...-- +..----..|["[*%|---............*......}}.| ----------.......| ---- |....|...-./.)%| |.------- ---+-....}.}.---................| --..| |........|%.)!%| |.| |....}}......--------|--....-- |...| --..`.....-------+--.| |...}}}}.....| |...|...>.----.-- |....................| |..}}}}}.....| |...|..........| ----- -...........-.-----+-- |.}}}}}}.....| |---|.|.|...------|...| -...---|---..|..| |.}}}};......--+---|...|[|----.---..--...| -.. |.I[..|..|.(| |..}}}}}...........|...|.--- |.........--- ... |(....|..---- |.}}}}}}}.......Y..--|--...| |--..------ |.# |.._..|... --+---.}}}}}}}-+---+-.....@.....--|.<...| |.....|...- |.....}}..}}}}| |......u....@--.....-- --------..+ |...}}..}}}).| |....----....%.......----- ---- |..}.}..}}}}.-------...--..---..............-- |.}}}....}}}................|--..............| |}}}.....}}}.----------.....| ---.|....----.-- -}}}.---.}}}}.| ---..-- -----.-- --- |}}--- ---}}}}| ---- --- woodfighter the Young Cave Woman Experience level: 6 Strength: 17 Dexterity: 17 Constitution: 18 Intelligence: 8 Wisdom: 7 Charisma: 8 Health: 0(53) Energy: 13(13) Def: 7 Gold: 682 Moves: 2221 Dungeon seed: SJ5hBNVSwajTCof4 Game ID: woodfighter_1474922959 Your Inventory: Coins $ - 682 gold pieces Weapons a - a +1 club (weapon in hand) b - a +2 sling (alternate weapon; not wielded) m - 37 +0 arrows P - 7 +2 arrows Q - a +0 bow Armor n - a blessed +0 pair of water walking boots q - an uncursed +0 dwarvish cloak J - an uncursed +0 dwarvish mithril-coat (being worn) K - an uncursed +0 pair of elven boots (being worn) L - a cursed -1 pair of gauntlets of fumbling Y - an uncursed +0 dwarvish cloak (being worn) Comestibles c - an uncursed tin of kobold meat d - 2 uncursed food rations Wands t - a wand of magic missile (0:5) Tools y - an uncursed skeleton key C - a +0 pick-axe Gems e - 5 uncursed flints (in quiver) Spells and supernatural/magical abilities: Name Level Category Fail Memory W - pray for help -- divine ? -- Your skills at the end: Miscellaneous Skills bare handed combat [Basic] Weapon Skills scimitar [Basic] club [Basic] sling [Basic] Spellcasting Skills Final Attributes: You were piously aligned. You were poison resistant. You had infravision. You were very stealthy. You were lucky. You are dead. Vanquished creatures: a small mimic a gnome king 2 dwarf lords an ape 3 gnome lords 2 golden naga hatchlings 4 dwarves an iguana 2 rothes 2 orc zombies a coyote a hobbit a large kobold a giant rat a yellow mold 11 gnomes 6 garter snakes 7 jackals a kobold 3 newts 4 sewer rats 2 bats 4 lichens a kobold zombie 63 creatures vanquished. Voluntary challenges: You did not adorn yourself with jewelry or accessories. You did not cause conflict. You were not invisible. You did not have reflection. You were not displaced. You used a wielded weapon 114 times, starting on turn 2. You did not apply a unicorn horn. You did not use plumbed fixtures. You did not drink any magical draughts. You were illiterate. You never genocided any monsters. You never polymorphed an object. You never changed form. You used no wishes. You never split a pudding. You never wrote Elbereth's name. You never violated your personal moral code. Dungeon overview: The Dungeons of Doom: levels 1 to 5 Level 1 a fountain a long staircase Level 2 a general store Level 3 (locked box + open water) a scroll shop, some fountains Level 4 some fountains stairs to The Gnomish Mines Level 5 The Gnomish Mines: levels 5 to 7 Level 5 stairs to The Dungeons of Doom Level 6 Level 7 <- You were here a general store, a temple to Anshar, a magic chest, a tree History has recorded: On T:1 you entered the Dungeons of Doom to retrieve the Amulet of Yendor! On T:111 you reached level 2 of The Dungeons of Doom. On T:527 you advanced to experience level 2. On T:672 you advanced to experience level 3. On T:713 you reached level 3 of The Dungeons of Doom. On T:968 you advanced to experience level 4. On T:996 you reached level 4 of The Dungeons of Doom. On T:1222 you reached level 1 of The Gnomish Mines. On T:1292 you reached level 5 of The Dungeons of Doom. On T:1466 you reached level 2 of The Gnomish Mines. On T:1468 you reached level 3 of The Gnomish Mines. On T:1474 you prayed to Anshar. On T:1483 you advanced to experience level 5. On T:1842 you advanced to experience level 6. On T:1844 you entered the Minetown temple On T:1859 you opened a magic chest. Score breakdown: Gold: 682 ( 68 points) Experience: 6 levels ( 500 points) Exploration: 7 levels ( 180 points) Discoveries: 9 items ( 450 points) Variety of kills: 24 monsters ( 1200 points) Major goal: reached Minetown ( 500 points) Survival: died (score multiplied by 3) Total score: 8694 Latest messages: You hear someone cursing shoplifters. The door closes. This door is already closed. Moving: y - a key. You succeed in locking the door. You hear someone cursing shoplifters. You are beginning to feel hungry. You stop searching. That food really hit the spot! You finish eating the food ration. That door is closed. You succeed in unlocking the door. The door opens. You hear the chime of a cash register. The gray unicorn butts! The gray unicorn kicks! The gray unicorn butts! The gray unicorn kicks! You die... Final status: Goodbye woodfighter the Cavewoman, killed by a gray unicorn... You died in The Gnomish Mines on dungeon level 7 with 8694 points, and 682 pieces of gold, after 2221 moves. You were level 6 with a maximum of 53 hit points when you died.